 Dungeon Crawl Stone Soup version 0.28.0-45-g0d030f2227 (webtiles) character file.

Game seed: 1220273384619678170

390 bobregger the Cudgeller (level 6, -3/93 HPs)
             Began as an Ogre Berserker on Apr 23, 2022.
             Was a Believer of Trog.
             Slain by a mummy (11 damage)
             ... in an ossuary on Apr 24, 2022.
             The game lasted 00:09:56 (6170 turns).

bobregger the Cudgeller (Ogre Berserker)            Turns: 6170, Time: 00:09:57

Health: -3/93      AC:  3    Str: 22    XL:     6   Next: 80%
Magic:  6/6        EV: 10    Int:  8    God:    Trog [**....]
Gold:   208        SH:  0    Dex: 10    Spells: 5/5 levels left

rFire   . . .      SeeInvis +   a - +0 mace
rCold   . . .      Faith    .   (no shield)
rNeg    . . .      Spirit   .   b - +0 animal skin
rPois   .          Reflect  .   (helmet restricted)
rElec   .          Harm     .   (no cloak)
rCorr   +          Rampage  .   (gloves unavailable)
Will    ++...                   (boots unavailable)
Stlth   ..........              (no amulet)
HPRegen 1.25/turn               g - ring of resist corrosion
MPRegen 0.10/turn               o - ring of see invisible

@: berserking, marked, strong-willed, regenerating, very quick
A: large, unfitting armour, tough skin 1
a: Renounce Religion, Berserk, Trog's Hand


You were in an ossuary.
You worshipped Trog.
Trog was pleased with you.
You visited 1 branch of the dungeon, and saw 5 of its levels.
You also visited: Ossuary.

You collected 208 gold pieces.

Inventory:

Hand Weapons
 a - a +0 mace (weapon)
Armour
 b - a +0 animal skin (worn)
Jewellery
 g - a ring of resist corrosion (left hand)
 o - a ring of see invisible (right hand)
Wands
 n - a wand of mindburst (8)
Scrolls
 d - a scroll of magic mapping {unknown}
 f - 4 scrolls of identify {unknown}
 h - 3 scrolls of enchant armour {unknown}
 i - a scroll of fog {unknown}
 k - 2 scrolls of vulnerability {unknown}
 p - a scroll of brand weapon {unknown}
Potions
 c - a potion of attraction {unknown}
 e - 2 potions of brilliance {unknown}
 j - 2 potions of curing {unknown}
 l - a potion of lignification {unknown}
 m - a potion of cancellation {unknown}


   Skills:
 - Level 4.0 Fighting
 + Level 6.8 Maces & Flails
 - Level 2.6 Dodging


You had 5 spell levels left.
You didn't know any spells.
Your spell library was empty.

Dungeon Overview and Level Annotations

Branches:
Dungeon (5/15)            Ossuary (1/1)
 Temple: D:4-7

Altars:
Okawaru
Vehumet
Zin


Innate Abilities, Weirdness & Mutations

You are too large for most types of armour.
You have tough skin. (AC +1)


Message History

The orc zombie hits you but does no damage.
You hit the elf zombie.
The elf zombie is heavily damaged.
The elf zombie hits you. The kobold zombie misses you.
The orc zombie closely misses you.
You closely miss the elf zombie.
The elf zombie is heavily damaged.
The elf zombie hits you. The kobold zombie closely misses you.
The orc zombie misses you. The mummy hits you!
You closely miss the elf zombie.
The elf zombie is heavily damaged.
The elf zombie hits you. The kobold zombie hits you.
You hit the elf zombie.
The elf zombie is heavily damaged.
The orc zombie barely misses you. The mummy hits you! The elf zombie hits you.
You are too injured to fight recklessly!
You are too injured to fight recklessly!
You are too injured to fight recklessly!
You are too injured to fight recklessly!
You are too injured to fight recklessly!
Your skin crawls.
You feel strong-willed.
The kobold zombie hits you but does no damage.
The orc zombie closely misses you.
The mummy pulls the alarm!
The alarm trap emits a blaring wail!
The mark upon you grows brighter. The mummy hits you!
* * * LOW HITPOINT WARNING * * *
A red film seems to cover your vision as you go berserk!
You feel yourself moving faster!
You feel mighty! The elf zombie hits you.
* * * LOW HITPOINT WARNING * * *
The kobold zombie hits you but does no damage.
The orc zombie hits you but does no damage.
You barely miss the mummy. The elf zombie hits you.
* * * LOW HITPOINT WARNING * * *
The kobold zombie barely misses you.
You sock the mummy!
The mummy is almost destroyed.
The orc zombie hits you but does no damage.
The mummy hits you!
You die...

#....................#
#....................#
#........8..8........#
#....................#
#...######.^######...#
#...# #.^# #...# #...#
#.^# #...#
#...#Z####ZZ####.#...#
#...#ZZZZ@ZMZ....#...#
#...#Z####MZ.....#...#
#...# #Z......#...#
#...# #.......#...#
#...# #.∩.....#...#
#...# ....+####...#
#...# #...# #...#
#...# #...# #...#
#...##############...#


You could see 2 mummies, a rat zombie, 2 jackal zombies, 2 hobgoblin zombies, 2
kobold zombies, an orc zombie, 2 elf zombies, a centaur zombie and a human
zombie.

Vanquished Creatures
  A jelly (D:5)
  3 orc priests (D:3)
  A bullfrog skeleton (D:5)
  Ijyb (D:4)
  Jessica (D:3)
  An orc wizard (D:3)
  6 adders
  An ufetubus (D:5)
  3 worms
  2 dart slugs
  8 orcs
  4 endoplasms
  8 giant cockroaches
  8 goblins
  3 hobgoblins
  6 quokkas
  5 ball pythons
  6 bats
  3 frilled lizards
  7 hobgoblin zombies (Ossuary)
  6 kobolds
  6 kobold zombies (Ossuary)
  7 orc zombies (Ossuary)
  5 rats
102 creatures vanquished.

Notes
Turn   | Place    | Note
-------+----------+-------------------------------------------
     0 | D:1      | bobregger the Ogre Berserker began the quest for the Orb.
     0 | D:1      | Reached XP level 1. HP: 24/24 MP: 1/1
    89 | D:1      | Reached skill level 3 in Maces & Flails
   443 | D:1      | Reached XP level 2. HP: 32/32 MP: 2/2
   626 | D:1      | Reached XP level 3. HP: 25/39 MP: 3/3
  1291 | D:2      | Reached skill level 4 in Maces & Flails
  1638 | D:2      | Found a glowing silver altar of Zin.
  1920 | D:2      | Reached XP level 4. HP: 48/48 MP: 4/4
  2310 | D:2      | Reached ** piety under Trog
  2976 | D:3      | Reached skill level 5 in Maces & Flails
  2976 | D:3      | Reached XP level 5. HP: 24/54 MP: 5/5
  2978 | D:3      | HP: 3/81 [orc/+0 mace (2)]
  3898 | D:3      | Reached skill level 6 in Maces & Flails
  3898 | D:3      | Reached XP level 6. HP: 49/62 MP: 6/6
  3959 | D:3      | Noticed Jessica
  3981 | D:3      | Killed Jessica
  4641 | D:4      | Found a radiant altar of Vehumet.
  4679 | D:4      | Found an iron altar of Okawaru.
  4997 | D:4      | Noticed Ijyb
  5014 | D:4      | Killed Ijyb
  5689 | D:5      | Entered Level 5 of the Dungeon
  5866 | D:5      | Found a sand-covered staircase.
  5985 | Ossuary  | Entered an ossuary
  6170 | Ossuary  | Slain by a mummy

Illustrated notes

Levels and vault maps discovered:
D:1:      minmay_arrival_five_plusses, layout_loops_ring, st_stairs_1
D:2:      minmay_skewed_foursquare, layout_loops_ring, basic_altar,
          kennysheep_big_empty_room
D:3:      layout_basic, uniq_jessica
D:4:      layout_loops_corners, mainiacjoe_overflow_two_lobes, uniq_ijyb
D:5:      layout_loops_ring, mainiacjoe_overflow_small_starburst,
          chequers_ossuary_entry_cave
Ossuary:  ossuary_tomb_1

Skill      XL: |  1  2  3  4  5 |
---------------+----------------+-----
Maces & Flails | 3 4 5 6 |  6.8
Fighting       | |  4.0
Dodging        | |  2.6

Action                   |  1- 3 |  4- 6 || total
-------------------------+-------+-------++-------
Melee: Mace              |   101 |   237 ||   338
       Punch             |     2 |     4 ||     6
Invok: Berserk           |     2 |     5 ||     7
       Trog's Hand       |       |     4 ||     4
Armor: Animal skin       |    33 |    63 ||    96
Dodge: Dodged            |    59 |   132 ||   191
